 Dungeon Crawl Stone Soup version 0.28.0-53-g5a82cb258f (webtiles) character file.

Game seed: 1606172024905960288

70 Stomo the Magician (level 4, -1/34 HPs)
             Began as a Djinni Conjurer on July 23, 2022.
             Slain by a jackal (2 damage)
             ... on level 1 of the Dungeon.
             The game lasted 00:03:38 (1693 turns).

Stomo the Magician (Djinni Conjurer)                Turns: 1693, Time: 00:03:38

Health: -1/34      AC:  2    Str:  6    XL:     4   Next: 45%
Gold:   52         EV: 12    Int: 22    God:
                   SH:  0    Dex: 11

rFire   + + .      SeeInvis .   (no weapon)
rCold   x . .      Faith    .   (no shield)
rNeg    . . .      Spirit   .   a - +0 robe
rPois   ∞          Reflect  .   (no helmet)
rElec   .          Harm     .   (no cloak)
rCorr   .          Rampage  .   (no gloves)
Will    .....                   (boots unavailable)
Stlth   ++........              (no amulet)
HPRegen 0.11/turn               (no ring)
MPRegen 0.00/turn               (no ring)

@: flying
A: sickness immunity, fire resistance 2, cold vulnerability 1, float, innate
caster, HP casting, extra vitality 1
a: no special abilities


You were on level 1 of the Dungeon.
You visited 1 branch of the dungeon, and saw 2 of its levels.

You collected 52 gold pieces.

Inventory:

Armour
 a - a +0 robe (worn)
Potions
 b - 2 potions of curing {unknown}
 c - a potion of berserk rage {unknown}
 f - 2 potions of attraction {unknown}


   Skills:
 + Level 2.6 Fighting
 - Level 2.1 Dodging
 - Level 1.5 Stealth
 + Level 3.8 Spellcasting


You couldn't memorise any spells.
You knew the following spells:

 Your Spells              Type           Power      Damage    Failure   Level
a - Magic Dart            Conj           84%        1d7       2%          1
b - Searing Ray           Conj           42%        2d6       3%          2
c - Dazzling Flash        Conj/Hex       42%        N/A       7%          3
d - Fulminant Prism       Conj/Hex       10%        3d9       24%         4
e - Iskenderun's Mystic   Conj/Tloc      21%        2d6       24%         4
f - Shock                 Conj/Air       84%        1d8       2%          1
Your spell library was empty.

Dungeon Overview and Level Annotations

Branches:
Dungeon (2/15)

Altars:
Elyvilon


Innate Abilities, Weirdness & Mutations

You are immune to sickness and miasma.
You are immune to poison.
Your flesh is very heat resistant. (rF++)
You are vulnerable to cold. (rC-)
You float through the air rather than walking.
You learn spells naturally, not from books.
Your magical power is your life essence.
You have superior vitality. (+4 MHP)


Message History

Aiming: Magic Dart (safe; 2% risk of failure)
Press: ? - help, Shift-Dir - straight line, f - jackal
Aim: a jackal (100% to hit)
Okay, then.
Casting: Magic Dart (safe; 2% risk of failure)
Confirm with . or Enter, or press ? or * to list all spells.
Okay, then.
Casting: Magic Dart (safe; 2% risk of failure)
Confirm with . or Enter, or press ? or * to list all spells.
Aiming: Magic Dart (safe; 2% risk of failure)
Press: ? - help, Shift-Dir - straight line, f - jackal
Aim: a jackal (100% to hit)
The magic dart hits the jackal but does no damage.
* * * LOW HITPOINT WARNING * * *
The jackal barely misses you.
Casting: Magic Dart (safe; 2% risk of failure)
Confirm with . or Enter, or press ? or * to list all spells.
Aiming: Magic Dart (safe; 2% risk of failure)
Press: ? - help, Shift-Dir - straight line, f/p - jackal
Aim: a jackal (100% to hit)
The magic dart hits the jackal.
The jackal is severely wounded.
* * * LOW HITPOINT WARNING * * *
The jackal closely misses you. The jackal bites you.
* * * LOW HITPOINT WARNING * * *
As you read the scroll labelled HORRIU GAGHO, it crumbles to dust.
You speak a Word of immense power!
It was a scroll of holy word.
The jackal misses you. The jackal closely misses you.
As you read the scroll labelled OTIWNU YSKI, it crumbles to dust.
The creatures around you are filled with an inner flame!
It was a scroll of immolation.
The jackal closely misses you. The jackal bites you.
* * * LOW HITPOINT WARNING * * *
There is a stone staircase leading up here.
The jackal closely misses you.
You fly upwards.
There is a stone staircase leading down here.
The jackal bites you.
You die...

###.######## #.##.#######.
#.....##...#####.#.......##.
######.###.##.#..........####.##.
.......# #.)....########.####.##.
######.###.###.## #......... #
###.....# #.# ######.##. #
#......####.## #.##. # #.##...#
#...## #.##. # #.######
#..h@####### #.##. # #.#
#.....(....######.##. # #.#
#.##.#####........... # #.#
#.##.# #........### # #.# #.##.#
#.######..# # #.# #####.##.# #.#
##.# # #.# #..##.##.# #.# #.# #
#.# #..##.##.## #.# #.# #
#.####..#......####.# #.#


You could see a jackal (inner flame).

Vanquished Creatures
  A gnoll (D:2)
  An adder (D:2)
  A dart slug (D:1)
  6 ball pythons
  An endoplasm (D:2)
  A giant cockroach (D:1)
  6 goblins
  7 hobgoblins
  7 jackals
  3 kobolds (D:1)
  5 quokkas (D:1)
  A bat (D:1)
  2 frilled lizards (D:1)
  A rat (D:1)
43 creatures vanquished.

Notes
Turn   | Place    | Note
-------+----------+-------------------------------------------
     0 | D:1      | Stomo the Djinni Conjurer began the quest for the Orb.
     0 | D:1      | Reached XP level 1. HP: 15/15 MP: 0/0
    57 | D:1      | Reached skill level 1 in Fighting
   197 | D:1      | Reached XP level 2. HP: 21/22 MP: 0/0
   882 | D:1      | Reached XP level 3. HP: 24/28 MP: 0/0
   882 | D:1      | Learned a level 1 spell: Shock
  1101 | D:1      | Found a white marble altar of Elyvilon.
  1631 | D:2      | Reached XP level 4. HP: 20/34 MP: 0/0
  1689 | D:2      | HP: 1/34 [jackal (2)]
  1693 | D:1      | Slain by a jackal

Illustrated notes

Levels and vault maps discovered:
D:1:      sevenhm_arrival_forest_fort_small_6, layout_loops_ring,
          minmay_tromino_v4_b
D:2:      layout_basic, basic_altar, basic_ecumenical_altar, minmay_guardbox

Skill      XL: |  1  2  3 |
---------------+----------+-----
Fighting       | 1 2 |  2.6
Dodging        | |  2.1
Stealth        | |  1.5
Spellcasting   | |  3.8

Action                   |  1- 3 |  4- 6 || total
-------------------------+-------+-------++-------
 Cast: Magic Dart        |    24 |     2 ||    26
       Searing Ray       |    13 |     2 ||    15
       Shock             |    10 |       ||    10
       Dazzling Flash    |     1 |       ||     1
  Use: Scroll            |       |     2 ||     2
Armor: Robe              |     1 |     3 ||     4
Dodge: Dodged            |    10 |    12 ||    22
